 Dungeon Crawl Stone Soup version 0.20.0-15-g7f486f2 (webtiles) character file.

267 spacegravy the Chiller (level 6, -11/46 HPs)
             Began as a Merfolk Ice Elementalist on June 13, 2017.
             Mangled by an ogre
             ... wielding a cursed +0 giant club
              (27 damage)
             ... on level 4 of the Dungeon.
             The game lasted 00:14:55 (3689 turns).

spacegravy the Chiller (Merfolk Ice Elementalist)   Turns: 3689, Time: 00:14:56

Health: -11/46     AC:  9    Str:  8    XL:     6   Next: 21%
Magic:  0/9        EV: 14    Int: 14    God:
Gold:   158        SH:  0    Dex: 17    Spells: 6/10 levels left

rFire    . . .     SeeInvis .   d - +0 spear
rCold    . . .     Gourm    .   (no shield)
rNeg     . . .     Faith    .   m - -2 leather armour (curse)
rPois    .         Spirit   .   q - +0 helmet
rElec    .         Reflect  .   (no cloak)
rCorr    .         Harm     .   k - +1 pair of gloves
MR       .....                  (no boots)
Stlth    ++........             (no amulet)
Regen    0.2/turn               (no ring)
MPRegen  0.2/turn               (no ring)

@: icy armour, very slightly contaminated, slow
A: change form in water, swift swim, stealthy swim
a: no special abilities


You were on level 4 of the Dungeon.
You were not hungry.

You visited 1 branch of the dungeon, and saw 4 of its levels.

You collected 158 gold pieces.


   Skills:
 + Level 2.8 Fighting
 + Level 3.2 Polearms
 + Level 4.6 Dodging
 - Level 2.1 Stealth
 - Level 2.5 Spellcasting
   Level 0.7 Conjurations
 + Level 0.4 Charms
 + Level 4.7 Ice Magic


You had 6 spell levels left.
You knew the following spells:

 Your Spells              Type           Power        Failure   Level  Hunger
a - Ozocubu's Armour      Chrm/Ice       #.......     32%         3    ###....
z - Freeze                Ice            ###.         4%          1    #......

Inventory:

Hand Weapons
 d - a +0 spear (weapon)
Armour
 a - a +0 robe
 k - a +1 pair of gloves (worn)
 m - a cursed -2 leather armour (worn)
 q - a +0 helmet (worn)
Wands
 e - a wand of lightning (7/15)
Scrolls
 f - a scroll of magic mapping {unknown}
 h - 3 scrolls of identify {@r1}
 i - a scroll of remove curse
 l - 2 scrolls of amnesia
Potions
 g - a potion of might {unknown}
 p - a potion of curing {unknown}
Books
 b - a book of Frost

   Spells                             Type                      Level
   a - Freeze                         Ice                          1
   b - Throw Frost                    Conjuration/Ice              2
   c - Ozocubu's Armour               Charms/Ice                   3
   d - Throw Icicle                   Conjuration/Ice              4
   e - Summon Ice Beast               Ice/Summoning                4
Comestibles
 c - 8 bread rations
 j - 3 royal jellies
 n - 2 meat rations
 o - 3 fruits

Dungeon Overview and Level Annotations

Branches:
Dungeon (4/15)
 Temple: D:4-7

Altars:

.........................
▒...........▒..........▒▒
▒...........▒▒......▒▒▒▒
▒▒▒.........▒▒▒.....▒
▒▒.......▒▒ ▒....▒▒
▒▒......▒ ▒▒...▒ ▒▒.....▒
▒▒.▒▒ ▒▒▒▒▒▒ ▒▒...▒▒
▒.▒▒▒▒.....(
▒▒m▒▒........
▒O▒..........
▒▒...........▒
▒.▒▒▒........▒ ▒.▒
▒▒......▒▒ ▒......▒▒
▒▒.....▒ ....... ▒▒..▒▒
....... ▒▒▒ .......


You could see an ogre.


Message History

The ogre is lightly wounded.
The ogre completely misses you.
Aiming: Freeze
Aim: an ogre, wielding a giant club (lightly wounded)
You freeze the ogre.
The ogre is moderately wounded.
Aiming: Freeze
Aim: an ogre, wielding a giant club (moderately wounded)
You freeze the ogre.
The ogre is heavily wounded.
The ogre hits you with a giant club!!
Ouch! That really hurt!
* * * LOW HITPOINT WARNING * * *
Aiming: Freeze
Aim: an ogre, wielding a giant club (heavily wounded)
You freeze the ogre.
The ogre is severely wounded.
The ogre hits you with a giant club.
* * * LOW HITPOINT WARNING * * *
Aiming: Freeze
Aim: an ogre, wielding a giant club (severely wounded)
You freeze the ogre.
The ogre is severely wounded.
The ogre barely misses you.
You can't see any susceptible monsters within range! (Use Z to cast anyway.)
You are too injured to fight recklessly!
A film of ice covers your body! The ogre hits you with a giant club!!
Ouch! That really hurt!
You die...

Action                   |  1- 3 |  4- 6 || total
-------------------------+-------+-------++-------
Melee: Short sword       |    10 |       ||    10
       Spear             |    83 |    82 ||   165
       Trident           |       |    77 ||    77
 Cast: Freeze            |    26 |    37 ||    63
       Ozocubu's Armour  |     1 |     1 ||     2
  Use: Scroll            |       |     6 ||     6
       Potion            |       |     1 ||     1
 Stab: Sleeping          |     2 |     3 ||     5
  Eat: Chunk             |     3 |     7 ||    10
Armor: Robe              |     6 |    25 ||    31
Dodge: Dodged            |    71 |   125 ||   196

Vault maps used:
D:1:      minmay_arrival_plants_in_alcoves
D:2:      chequers_ecumenical_altar_island
D:3:      hangedman_decor_growths
D:4:      minmay_temple_entry_trees

Notes
Turn   | Place    | Note
-------+----------+-------------------------------------------
     0 | D:1      | spacegravy the Merfolk Ice Elementalist began the quest for the Orb.
     0 | D:1      | Reached XP level 1. HP: 13/13 MP: 3/3
   140 | D:1      | Reached skill level 3 in Dodging
   140 | D:1      | Reached XP level 2. HP: 9/19 MP: 0/5
   681 | D:1      | Reached XP level 3. HP: 18/24 MP: 3/6
   783 | D:1      | Learned a level 3 spell: Ozocubu's Armour
  1595 | D:2      | Reached skill level 4 in Ice Magic
  1620 | D:2      | Reached skill level 1 in Polearms
  1634 | D:2      | Reached XP level 4. HP: 29/31 MP: 1/7
  1706 | D:2      | Found a faded altar of an unknown god.
  1887 | D:2      | Learned a level 3 spell: Ozocubu's Armour
  1899 | D:2      | Reached skill level 1 in Fighting
  2382 | D:3      | Noticed CODWOMAN's ghost (amateur DsIE)
  2390 | D:3      | HP: 2/32 [CODWOMAN's ghost (5)]
  2398 | D:3      | HP: 1/32 [CODWOMAN's ghost (5)]
  2399 | D:3      | Killed CODWOMAN's ghost
  2399 | D:3      | Reached skill level 2 in Fighting
  2399 | D:3      | Reached skill level 2 in Polearms
  2399 | D:3      | Reached skill level 4 in Dodging
  2399 | D:3      | Reached XP level 5. HP: 1/38 MP: 0/8
  3155 | D:3      | Reached skill level 3 in Polearms
  3155 | D:3      | Reached XP level 6. HP: 43/46 MP: 4/9
  3689 | D:4      | Mangled by an ogre

Vanquished Creatures
  The ghost of CODWOMAN the Chiller, an amateur DsIE (D:3)
  2 orc wizards (D:3)
  A gnoll (D:1)
  5 adders
  An ooze (D:3)
  2 worms
  2 dart slugs (D:1)
  3 leopard geckos (D:1)
  2 orcs
  5 bats
  4 giant cockroaches
  10 goblins
  8 hobgoblins
  A quokka (D:2)
  5 frilled lizards
  10 kobolds
  10 rats
72 creatures vanquished.
